 Dungeon Crawl Stone Soup version 0.31-a0-75-g6fe912e8c5 (webtiles) character file.

Game seed: 2314273119378705746

3105 senseless the Basher (level 10, 0/88 HPs)
             Began as a Meteoran Fighter on May 23, 2023.
             Was a Follower of the Shining One.
             Slain by a yak (12 damage)
             ... on level 8 of the Dungeon.
             The game lasted 00:16:30 (4379 turns).

senseless the Basher (Meteoran Fighter)             Turns: 4379, Time: 00:16:31

Health: 0/88       AC: 18    Str: 24    XL:     10   Next: 35%
Magic:  11/11      EV:  9    Int:  9    God:    the Shining One [*.....]
Gold:   357        SH:  6    Dex: 13    Spells: 9/9 levels left

rFire   . . .        w - +5 flail (holy)
rCold   . . .        c - +0 buckler
rNeg    . . .        b - +0 scale mail
rPois   +            n - +1 helmet
rElec   .            p - +2 cloak {rPois}
rCorr   .            (no gloves)
SInv    .            (no boots)
Will    +....        h - amulet of faith Stlth
                     k - +4 ring of protection
HPRegen 0.34/turn    l - +4 ring of slaying
MPRegen 0.12/turn

%: faith
@: glowing
A: sense surroundings 2, otherworldly, glowing, explore regen
a: Renounce Religion, Divine Shield


You were on level 8 of the Dungeon.
You worshipped the Shining One.
The Shining One was aware of your devotion.
You visited 2 branches of the dungeon, and saw 9 of its levels.

You collected 357 gold pieces.

Inventory:

Hand Weapons
 d - a +2 mace of protection
 t - the +8 dagger "Siuveris" {heavy, Int+2}
   (You found it on level 3 of the Dungeon)

   Int:       It affects your intelligence (+2).
 w - a +5 flail of holy wrath (weapon)
Armour
 b - a +0 scale mail (worn)
 c - a +0 buckler (worn)
 n - a +1 helmet (worn)
 p - a +2 cloak of poison resistance (worn)
 s - a +1 hat
Jewellery
 h - an amulet of faith (around neck)
 k - a +4 ring of protection (left hand)
 l - a +4 ring of slaying (right hand)
 m - a ring of protection from fire
 q - a ring of fire
 v - a +6 ring of strength
Wands
 r - a wand of digging (5)
 x - a wand of iceblast (7)
 y - a wand of acid (11)
Scrolls
 e - 2 scrolls of teleportation
 f - a scroll of poison
Potions
 a - a potion of attraction
 g - 5 potions of curing
 i - a potion of cancellation
 j - a potion of invisibility {unknown}
 o - a potion of heal wounds
 u - a potion of magic {unknown}
 z - a potion of berserk rage {unknown}


   Skills:
 + Level 8.1 Fighting
 + Level 9.2 Maces & Flails
 + Level 8.9 Armour
 + Level 8.9 Shields


You had 9 spell levels left.
You didn't know any spells.
Your spell library contained the following spells:

 Spells                   Type           Power      Damage    Failure   Level
 Beastly Appendage        Tmut           0%         N/A       69%         1
 Cigotuvi's Dreadful Rot  Necr/Pois/Air  0%         N/A       83%         2
 Lesser Beckoning         Tloc           0%         N/A       83%         2
 Wereblood                Tmut           0%         N/A       83%         2
 Gell's Gravitas          Tloc           0%         N/A       96%         3
 Ignite Poison            Fire/Tmut/Pois 0%         N/A       96%         3
 Spider Form              Tmut/Pois      0%         N/A       96%         3
 Teleport Other           Tloc           0%         N/A       96%         3
 Freezing Cloud           Conj/Ice/Air   0%         6-21      100%        5


Dungeon Overview and Level Annotations

Branches:
Dungeon (8/15) Zot: 476    Temple (1/1) D:6 Zot: 476
   Lair: D:8-11

Altars:
Ashenzari
Cheibriados
Dithmenos
Elyvilon
Fedhas
Gozag
Hepliaklqana
Kikubaaqudgha
Makhleb
Nemelex Xobeh
Okawaru
Ru
Sif Muna
Vehumet
Xom
Zin
The Shining One


Innate Abilities, Weirdness & Mutations

You passively map the area around you.
You are easily found by Zot.
You glow in the dark.
You regain HP and MP as you explore.


Message History

You are too injured to fight recklessly!
You are too injured to fight recklessly!
You are too injured to fight recklessly!
You are too injured to fight recklessly!
You are too injured to fight recklessly!
You are too injured to fight recklessly!
You are too injured to fight recklessly!
You are too injured to fight recklessly!
You are too injured to fight recklessly!
You are too injured to fight recklessly!
You thump the yak!
The yak is severely wounded.
The yak gores you!
The yak gores you but does no damage. x2
You hit the yak but do no damage.
The yak is severely wounded.
You block the yak's attack. The yak gores you. The yak closely misses you.
You hit the yak but do no damage.
The yak is severely wounded.
The yak gores you!
* * * LOW HITPOINT WARNING * * *
You block the yak's attack. The yak closely misses you.
You hit the yak.
The yak is severely wounded.
You block the yak's attack.
The yak gores you but does no damage. x2
You thump the yak!
You kill the yak!
The yak barely misses you. x2
You barely miss the yak. You block the yak's attack. The yak gores you.
* * * LOW HITPOINT WARNING * * *
You sock the yak!
The yak is heavily wounded.
The yak gores you but does no damage. The yak gores you.
* * * LOW HITPOINT WARNING * * *
You barely miss the yak.
The yak is heavily wounded.
The yak gores you but does no damage. The yak closely misses you.
You sock the yak!
The yak is almost dead.
The yak gores you!
You die...

*, #.#.......##.##
#.##.... ,
#.......###...# #.##.##.
, * * ######### #...#
#......† * #...# ###.#...
, , ,,, #...# #...## *, *
, * #..<# ##.## * * #...#
##...## , ,
.#.######...######...[..
,
.......@...............[
#.....†YY............#..
, ,
,...................###..
,
.....####.#.#####.......
* * , #.#.. .###.#*
#....... , , . #. *,#
*#.# #.####.# * *# * * *
## #.##.††# , , , *
#.##.#.# * * ,,, #.##.#..


You could see 2 yaks.

Vanquished Creatures
  A tarantella (shapeshifter) (D:8)
  3 yaks (D:8)
  2 wyverns (D:7)
  Duvessa (D:5)
  A sky beast (D:7)
  2 ice beasts (D:7)
  A black bear (D:5)
  A phantom (D:6)
  An ogre (D:5)
  2 kobold brigands (D:7)
  A gnoll sergeant (D:5)
  A scorpion (D:4)
  Dowan (D:5)
  5 killer bees (D:8)
  A howler monkey (D:8)
  6 orc priests
  Crazy Yiuf (D:2)
  3 hounds
  3 sleepcaps
  3 iguanas
  9 orc wizards
  10 gnolls
  9 adders
  A shadow imp (D:7)
  A white imp (D:6)
  4 worms
  37 orcs
  11 bats
  5 endoplasms
  A giant cockroach (D:1)
  6 goblins
  6 hobgoblins
  6 ball pythons
  3 frilled lizards
  11 kobolds
  7 rats
167 creatures vanquished.

Vanquished Creatures (collateral kills)
  An orc (D:6)
1 creature vanquished.

Vanquished Creatures (others)
  An orc wizard (D:7)
  An orc (D:4)
2 creatures vanquished.

Grand Total: 170 creatures vanquished

Notes
Turn   | Place    | Note
-------+----------+-------------------------------------------
     0 | D:1      | senseless the Meteoran Fighter began the quest for the Orb.
     0 | D:1      | Reached XP level 1. HP: 19/19 MP: 2/2
   224 | D:1      | Reached XP level 2. HP: 26/26 MP: 3/3
   347 | D:1      | Reached skill level 3 in Maces & Flails
   493 | D:1      | Glimpsed the power of Zot.
   613 | D:2      | Reached XP level 3. HP: 28/31 MP: 4/4
   825 | D:2      | Reached XP level 4. HP: 40/40 MP: 5/5
   872 | D:2      | Found a faded altar of an unknown god.
   958 | D:2      | Found a runed translucent door.
   959 | D:2      | Noticed Crazy Yiuf
   967 | D:2      | Killed Crazy Yiuf
  1051 | D:2      | Found a broken altar of Ashenzari.
  1082 | D:2      | Glimpsed the power of Zot.
  1185 | D:3      | Reached XP level 5. HP: 41/46 MP: 6/6
  1195 | D:3      | Reached skill level 4 in Maces & Flails
  1245 | D:3      | Found a blossoming altar of Fedhas.
  1409 | D:3      | Identified the +8 dagger "Siuveris" {heavy, Int+2}
  1464 | D:3      | Found a shadowy altar of Dithmenos.
  1599 | D:3      | Found a radiant altar of Vehumet.
  1642 | D:3      | Reached XP level 6. HP: 43/53 MP: 7/7
  1660 | D:3      | Glimpsed the power of Zot.
  1791 | D:4      | Reached skill level 5 in Armour
  1791 | D:4      | Reached skill level 5 in Shields
  1933 | D:4      | Reached XP level 7. HP: 55/60 MP: 8/8
  1938 | D:4      | Reached skill level 5 in Maces & Flails
  2177 | D:5      | Entered Level 5 of the Dungeon
  2236 | D:5      | Reached skill level 5 in Fighting
  2254 | D:5      | Noticed Duvessa
  2258 | D:5      | Noticed Dowan
  2259 | D:5      | Killed Duvessa
  2262 | D:5      | Killed Dowan
  2283 | D:5      | Reached XP level 8. HP: 56/68 MP: 9/9
  2326 | D:5      | Reached skill level 6 in Maces & Flails
  2562 | D:5      | Found a sacrificial altar of Ru.
  2567 | D:5      | Found a shimmering blue altar of Sif Muna.
  2567 | D:5      | Found a glowing silver altar of Zin.
  2577 | D:5      | Found an opulent altar of Gozag.
  2580 | D:5      | Found a broken altar of Ashenzari.
  2824 | D:5      | Found a sparkling altar of Nemelex Xobeh.
  2839 | D:5      | Glimpsed the power of Zot.
  3023 | D:6      | Found an ancient bone altar of Kikubaaqudgha.
  3028 | D:6      | Found a staircase to the Ecumenical Temple.
  3045 | D:6      | Gained mutation: You passively map the area around you.
                  | [Meteoran growth]
  3045 | D:6      | Reached XP level 9. HP: 75/75 MP: 10/10
  3053 | Temple   | Entered the Ecumenical Temple
  3166 | Temple   | Became a worshipper of the Shining One
  3268 | D:6      | Reached skill level 7 in Maces & Flails
  3800 | D:7      | Reached skill level 8 in Maces & Flails
  3927 | D:7      | Found a snail-covered altar of Cheibriados.
  4155 | D:7      | Glimpsed the power of Zot.
  4209 | D:8      | Reached XP level 10. HP: 81/86 MP: 11/11
  4356 | D:8      | Reached * piety under the Shining One
  4364 | D:8      | Reached skill level 9 in Maces & Flails
  4379 | D:8      | Slain by a yak

Illustrated notes

Levels and vault maps discovered:
D:1:      psy_arrival_fountain, layout_loops_ring
D:2:      layout_loops_ring, basic_altar, basic_ecumenical_altar,
          uniq_crazy_yiuf_cottage
D:3:      minmay_angry_zag, layout_rooms, mainiacjoe_overflow_six_doors_small,
          mainiacjoe_overflow_brackets, lemuel_doored_altar,
          minmay_misc_feat_square, kennysheep_generic_room_15
D:4:      layout_loops_corners, lemuel_round_altar, minmay_starry_boxes
D:5:      layout_loops_ring, nemelex_spade_bored_becter,
          minmay_overflow_temple_star_hex, uniq_duvessa
D:6:      layout_basic, general_overflow_altar, minmay_temple_entry_grid
D:7:      nicolae_cairo_tiling, layout_cave_pods, marbit_many_paths,
          dk_noncrumbling_3
D:8:      layout_loops_cross, pdpol_wu_jian_five_deadly_venoms,
          nicolae_yredelemnul_corpse_copse, david_lair_generic
Temple:   hellmonk_temple_flake

Skill      XL: |  1  2  3  4  5  6  7  8  9 10 |
---------------+-------------------------------+-----
Maces & Flails | 3 4 5 6 8 9 |  9.2
Armour         | 4 5 6 8 |  8.9
Shields        | 4 5 6 8 |  8.9
Fighting       | 4 5 6 7 8 |  8.1

Action                     |  1- 3 |  4- 6 |  7- 9 | 10-12 || total
---------------------------+-------+-------+-------+-------++-------
  Melee: Flail             |    51 |    89 |   217 |    41 ||   398
         Dagger            |       |    37 |       |       ||    37
    Use: Potion            |       |     1 |       |       ||     1
         Scroll            |       |       |    16 |     1 ||    17
 Armour: Scale mail        |    31 |    84 |   136 |    39 ||   290
  Dodge: Dodged            |    21 |    52 |    77 |    29 ||   179
  Block: Buckler           |    20 |    40 |    68 |    15 ||   143

Table legend: (Time is in decaauts)
 A = Elapsed time spent in this place.
 B = Non-inter-level travel time spent in this place.
 C = Inter-level travel time spent in this place.
 D = Time resting spent in this place.
 E = Time spent auto-exploring this place.
 F = Levels seen in this place.
 G = Mean time per level.
                   A        B        C        D        E       F      G
               +--------+--------+--------+--------+--------+-----+--------+
         Total |   4446 |   4209 |    237 |      4 |   3156 |   9 |  494.0 |
       Dungeon |   4322 |   4094 |    228 |      4 |   3056 |   8 |  540.2 |
        Temple |    123 |    114 |      9 |      0 |    100 |   1 |  123.0 |
               +--------+--------+--------+--------+--------+-----+--------+

Top non-repeatable levels by time:
     D:5: 716 daAuts
     D:7: 669 daAuts
     D:2: 609 daAuts
     D:3: 584 daAuts
     D:1: 528 daAuts
     D:4: 509 daAuts
     D:6: 496 daAuts
     D:8: 207 daAuts
  Temple: 123 daAuts
